 Dungeon Crawl Stone Soup version 0.23-a0-422-g30b1108 (webtiles) character file.

161 Inarius the Skirmisher (level 5, -5/46 HPs)
             Began as a Ghoul Fighter on Nov 14, 2018.
             Slain by a gnoll
             ... wielding a +0 whip
              (8 damage)
             ... on level 3 of the Dungeon.
             The game lasted 00:03:50 (1726 turns).

Inarius the Skirmisher (Ghoul Fighter)              Turns: 1726, Time: 00:03:51

Health: -5/46      AC:  8    Str: 20    XL:     5   Next: 42%
Magic:  4/4        EV:  7    Int:  4    God:
Gold:   254        SH:  8    Dex:  8    Spells: 4/4 levels left

rFire    . . .     SeeInvis .   a - +0 war axe
rCold    + . .     Gourm    .   c - +0 shield
rNeg     + + +     Faith    .   b - +0 scale mail
rPois    ∞         Spirit   .   (no helmet)
rElec    .         Reflect  .   q - +0 cloak
rCorr    .         Harm     .   (no gloves)
MR       .....                  (no boots)
Stlth    ..........             (no amulet)
HPRegen  0.00/turn              (no ring)
MPRegen  0.09/turn              (no ring)

@: rotting
A: rotting body, claws 1, carnivore, cold resistance 1, negative energy
resistance 3, inhibited regeneration, torment resistance, unbreathing
a: no special abilities


You were on level 3 of the Dungeon.
You were not hungry.

You visited 1 branch of the dungeon, and saw 3 of its levels.

You collected 254 gold pieces.

Inventory:

Hand Weapons
 a - a +0 war axe (weapon)
 j - a +0 dagger of venom
Missiles
 i - 2 javelins (quivered)
Armour
 b - a +0 scale mail (worn)
 c - a +0 shield (worn)
 q - a +0 cloak (worn)
Scrolls
 e - a scroll of fear {unknown}
 k - a scroll of enchant weapon {unknown}
 m - a scroll of enchant armour {unknown}
 n - 2 scrolls of identify {unknown}
 p - a scroll of blinking {unknown}
 r - a scroll of remove curse {unknown}
 t - a scroll of immolation {unknown}
Potions
 d - a potion of might
 g - 2 potions of heal wounds {unknown}
 h - a potion of berserk rage {unknown}
 l - a potion of agility {unknown}
 o - 2 potions of flight {unknown}
Comestibles
 f - 4 rations
 s - 3 chunks of flesh


   Skills:
 + Level 4.0 Fighting
 * Level 3.8 Axes
 + Level 3.2 Armour
 + Level 3.0 Shields


You had 4 spell levels left.
You didn't know any spells.
Your spell library was empty.

Dungeon Overview and Level Annotations

Branches:
Dungeon (3/15)

Altars:


Innate Abilities, Weirdness & Mutations

Your body is rotting away.
You thrive on raw meat.
You are immune to poison.
You have sharp fingernails.
You are carnivorous and can eat meat at any time.
Your flesh is cold resistant. (rC+)
You are immune to negative energy. (rN+++)
You do not regenerate when monsters are visible.
You are immune to unholy pain and torment.
You can survive without breathing.


Message History

You are too injured to fight recklessly!
Unknown command.
You are too injured to fight recklessly!
You are too injured to fight recklessly!
You hit the gnoll.
The gnoll is severely wounded.
You hit the gnoll. The gnoll hits you with a +0 whip!
* * * LOW HITPOINT WARNING * * *
The gnoll hits you with a +2 spear of venom!
* * * LOW HITPOINT WARNING * * *
Unknown command.
You slash the gnoll!
You kill the gnoll!
You hit the gnoll but do no damage. The gnoll hits you with a +0 whip.
* * * LOW HITPOINT WARNING * * *
The gnoll barely misses you.
Unknown command.
You see here 25 bolts.
The gnoll hits you with a +0 whip!
You die...

#..####.####..# ^.. ##
........# #..#### #.##.
#..###### #..##.. #.###).†<
#..# #.<##.# #.....(.† #..#
##.##.# ########. #..#
#.##.# #. #..### #.##.#
######. .....# #.##.####
#)..... ##...#
######...@g..# #.####. #...#
#.........##.#######.# #.
#...###.####.##.##..(......#
#. ##........#
#.##.############ #.
..........###.##........ ..
..............##)####### ..
###..####............... #
#..............#######
####.#############


You could see a gnoll.

Vanquished Creatures
  Crazy Yiuf (D:2)
  2 gnolls (D:3)
  5 adders
  2 worms (D:2)
  A dart slug (D:1)
  A leopard gecko (D:1)
  6 giant cockroaches
  9 hobgoblins
  3 jackals (D:3)
  A quokka (D:2)
  5 bats
  5 frilled lizards
  10 goblins
  8 kobolds
  A leopard gecko skeleton (D:2)
  2 rats
62 creatures vanquished.

Notes
Turn   | Place    | Note
-------+----------+-------------------------------------------
     0 | D:1      | Inarius the Ghoul Fighter began the quest for the Orb.
     0 | D:1      | Reached XP level 1. HP: 19/19 MP: 0/0
    58 | D:1      | Reached XP level 2. HP: 26/26 MP: 1/1
   270 | D:1      | Reached XP level 3. HP: 28/31 MP: 2/2
   963 | D:2      | Reached XP level 4. HP: 39/39 MP: 3/3
  1150 | D:2      | Found a runed door.
  1154 | D:2      | Noticed Crazy Yiuf
  1156 | D:2      | Killed Crazy Yiuf
  1577 | D:3      | Reached XP level 5. HP: 37/46 MP: 4/4
  1670 | D:3      | Reached skill level 4 in Fighting
  1726 | D:3      | Slain by a gnoll

Vault maps used:
D:1:      shiori_arrival_oz
D:2:      uniq_crazy_yiuf_cottage
D:3:      hangedman_decor_lopped

Skill      XL: |  1  2  3  4  5 |
---------------+----------------+-----
Axes           | 2 3 |  3.8
Shields        | 3 |  3.0
Armour         | 3 |  3.2
Fighting       | 4 |  4.0

Action                   |  1- 3 |  4- 6 || total
-------------------------+-------+-------++-------
Melee: War axe           |   117 |    74 ||   191
Throw: Javelin           |       |     2 ||     2
  Eat: Chunk             |    22 |     6 ||    28
Armor: Scale mail        |    57 |    42 ||    99
Dodge: Dodged            |    33 |    39 ||    72
Block: Shield            |    58 |    37 ||    95

Table legend:
 A = Non-vault XP
 B = Vault XP
 C = Vault XP percentage of total XP
 D = Non-vault monster count
 E = Vault monster count
 F = Vault count percentage of total count
                 A         B        C        D         E       F
            +---------+---------+-------+---------+---------+-------
      Total |     191 |      40 |  17.3 |      61 |       1 |   1.6
            +---------+---------+-------+---------+---------+-------
        D:1 |      54 |       0 |   0.0 |      31 |       0 |   0.0
        D:2 |      52 |      40 |  43.5 |      15 |       1 |   6.2
        D:3 |      85 |       0 |   0.0 |      15 |       0 |   0.0
            +---------+---------+-------+---------+---------+-------
